| TOP OF THE 1ST |
|
Tri-City ValleyCats batting - Pitching for Vancouver Canadians : RHP Ari Lueger
|
|
Pitching: RHP Ari Lueger
|
|
|
Batting: RHB Ben Hoffman
|
0-0: Called Strike 0-1: Foul Ball, location: 2F 0-2: Ball 1-2: Ball 2-2: Fly out, F7 (Flyball, 7D, EV 100.6 MPH)
|
|
Batting: RHB Justin Olmstead
|
0-0: Called Strike 0-1: Called Strike 0-2: Strikes out looking
|
|
Batting: LHB Vinny Siebecker
|
0-0: Called Strike 0-1: Swinging Strike 0-2: Strikes out swinging
|
| Top of the 1st over - 0 runs, 0 hits, 0 errors, 0 left on base; Tri-City 0 - Vancouver 0 |
| BOTTOM OF THE 1ST |
|
Vancouver Canadians batting - Pitching for Tri-City ValleyCats : RHP Calisto Morda
|
|
Pitching: RHP Calisto Morda
|
|
|
Batting: RHB Elliot Manfredini
|
0-0: Called Strike 0-1: Foul Ball, location: 2F 0-2: Foul Ball, location: 2F 0-2: Ball 1-2: Foul Ball, location: 2F 1-2: Fly out, F9 (Flyball, 9LD, EV 91.2 MPH)
|
|
Batting: LHB Sumiki Okuhara
|
0-0: Ball 1-0: Ball 2-0: Called Strike 2-1: Swinging Strike 2-2: Foul Ball, location: 2F 2-2: Ball 3-2: Ground out 6-3 (Groundball, 4M, EV 93.1 MPH)
|
|
Batting: RHB Jose Garate
|
0-0: Ball 1-0: Hit by Pitch
|
|
Pinch Runner at 1st Cesar Chavez:
|
|
|
Batting: RHB Carlos Ramirez
|
0-0: Ball 1-0: Called Strike Cesar Chavez steals 2nd base 1-1: Foul Ball, location: 2F 1-2: Ground out 4-3 (Groundball, 4, EV 87.5 MPH)
|
| Bottom of the 1st over - 0 runs, 0 hits, 0 errors, 1 left on base; Tri-City 0 - Vancouver 0 |
| TOP OF THE 2ND |
|
Tri-City ValleyCats batting - Pitching for Vancouver Canadians : RHP Ari Lueger
|
|
Batting: SHB Salvador Gomez
|
0-0: Ball 1-0: SINGLE (Groundball, 6MD, EV 104.4 MPH)
|
|
Batting: RHB Nate Britton
|
0-0: Ball 1-0: Swinging Strike 1-1: Ball Wild Pitch! Salvador Gomez to second 2-1: Called Strike 2-2: Strikes out swinging
|
|
Batting: RHB Evan Fry
|
0-0: Foul Ball, location: 2F 0-1: Ball 1-1: Called Strike 1-2: Ball 2-2: Foul Ball, location: 2F 2-2: Strikes out swinging
|
|
Batting: RHB Mike Koch
|
0-0: Ball 1-0: Called Strike 1-1: Ball 2-1: Ball 3-1: Base on Balls
|
|
Batting: RHB Ruben Pujols
|
0-0: Called Strike 0-1: Foul Ball, location: 2F 0-2: Ball 1-2: Strikes out looking
|
| Top of the 2nd over - 0 runs, 1 hit, 0 errors, 2 left on base; Tri-City 0 - Vancouver 0 |
| BOTTOM OF THE 2ND |
|
Vancouver Canadians batting - Pitching for Tri-City ValleyCats : RHP Calisto Morda
|
|
Batting: RHB Dylan Phillips
|
0-0: Called Strike 0-1: Ball 1-1: Foul Ball, location: 2F 1-2: DOUBLE (Line Drive, 89D, EV 109.4 MPH)
|
|
Pitching: RHP Jon Davis
|
|
|
Batting: LHB Adam Santarelli
|
0-0: Ball Dylan Phillips steals 3rd base 1-0: Ball 2-0: Swinging Strike 2-1: Ground out 4-3 (Groundball, 4, EV 91.9 MPH) Dylan Phillips scores
|
|
Batting: RHB Carlos Renteria
|
0-0: Ball 1-0: Bunt missed! 1-1: SINGLE (Flyball, 34D, EV 88.1 MPH)
|
|
Batting: LHB Julio Canseco
|
0-0: Ball Carlos Renteria is caught stealing 2nd base 2-6 1-0: Fly out, F6 (Popup, 15S, EV 86.2 MPH)
|
| Bottom of the 2nd over - 1 run, 2 hits, 0 errors, 0 left on base; Tri-City 0 - Vancouver 1 |
| TOP OF THE 3RD |
|
Tri-City ValleyCats batting - Pitching for Vancouver Canadians : RHP Ari Lueger
|
|
Batting: RHB Rob Baker
|
0-0: Ball 1-0: Ball 2-0: Called Strike 2-1: Called Strike 2-2: Strikes out swinging, 2-3 out at first.
|
|
Batting: RHB Ben Hoffman
|
0-0: Called Strike 0-1: Swinging Strike 0-2: Strikes out swinging
|
|
Batting: RHB Justin Olmstead
|
0-0: Ball 1-0: Ball 2-0: Swinging Strike 2-1: Called Strike 2-2: Foul Ball, location: 2F 2-2: Strikes out looking
|
| Top of the 3rd over - 0 runs, 0 hits, 0 errors, 0 left on base; Tri-City 0 - Vancouver 1 |
| BOTTOM OF THE 3RD |
|
Vancouver Canadians batting - Pitching for Tri-City ValleyCats : RHP Jon Davis
|
|
Batting: RHB Bryan Peterson
|
0-0: Ball 1-0: Fly out, F2 (Popup, 3SF, EV 90.0 MPH)
|
|
Batting: RHB Elliot Manfredini
|
0-0: Ball 1-0: Called Strike 1-1: Fly out, F9 (Flyball, 9, EV 85.6 MPH)
|
|
Batting: LHB Sumiki Okuhara
|
0-0: SINGLE (Groundball, 56D, EV 101.2 MPH)
|
|
Batting: RHB Cesar Chavez
|
0-0: Ball Sumiki Okuhara steals 2nd base 1-0: Ball 2-0: Called Strike 2-1: Foul Ball, location: 2F 2-2: Foul Ball, location: 2F 2-2: Fly out, F7 (Flyball, 7D, EV 84.4 MPH)
|
| Bottom of the 3rd over - 0 runs, 1 hit, 0 errors, 1 left on base; Tri-City 0 - Vancouver 1 |
| TOP OF THE 4TH |
|
Tri-City ValleyCats batting - Pitching for Vancouver Canadians : RHP Ari Lueger
|
|
Batting: LHB Vinny Siebecker
|
0-0: Ball 1-0: Called Strike 1-1: Called Strike 1-2: Ball 2-2: Ball 3-2: Strikes out swinging
|
|
Batting: SHB Salvador Gomez
|
0-0: Ball 1-0: Swinging Strike 1-1: Fly out, F7 (Flyball, 78D, EV 98.1 MPH)
|
|
Batting: RHB Nate Britton
|
0-0: Ball 1-0: Foul Ball, location: 2F 1-1: Ball 2-1: Called Strike 2-2: Foul Ball, location: 2F 2-2: Strikes out looking
|
| Top of the 4th over - 0 runs, 0 hits, 0 errors, 0 left on base; Tri-City 0 - Vancouver 1 |
| BOTTOM OF THE 4TH |
|
Vancouver Canadians batting - Pitching for Tri-City ValleyCats : RHP Jon Davis
|
|
Pitching: RHP Arsène Serre
|
|
|
Batting: RHB Carlos Ramirez
|
0-0: Called Strike 0-1: Ball 1-1: Swinging Strike 1-2: Foul Ball, location: 2F 1-2: Foul Ball, location: 2F 1-2: Ball 2-2: Foul Ball, location: 2F 2-2: Ground out 6-3 (Groundball, 6, EV 88.1 MPH)
|
|
Batting: RHB Dylan Phillips
|
0-0: Ball 1-0: Called Strike 1-1: Swinging Strike 1-2: Ball 2-2: Ball 3-2: Strikes out swinging
|
|
Batting: LHB Adam Santarelli
|
0-0: Ball 1-0: TRIPLE (Flyball, 78XD, EV 91.9 MPH)
|
|
Batting: RHB Carlos Renteria
|
0-0: Ball 1-0: Ball 2-0: Ball 3-0: Called Strike 3-1: Base on Balls
|
|
Pitching: RHP Chris Miles
|
|
|
Batting: LHB Julio Canseco
|
0-0: Called Strike 0-1: Fielders Choice at 2nd, 5-4 (Groundball, 56, EV 88.8 MPH)
|
| Bottom of the 4th over - 0 runs, 1 hit, 0 errors, 2 left on base; Tri-City 0 - Vancouver 1 |
| TOP OF THE 5TH |
|
Tri-City ValleyCats batting - Pitching for Vancouver Canadians : RHP Ari Lueger
|
|
Batting: RHB Evan Fry
|
0-0: Ball 1-0: Ball 2-0: Ground out 6-3 (Groundball, 6, EV 90.0 MPH)
|
|
Batting: RHB Mike Koch
|
0-0: Foul Ball, location: 2F 0-1: Called Strike 0-2: Foul Ball, location: 2F 0-2: Ball 1-2: Foul Ball, location: 2F 1-2: Ball 2-2: Foul Ball, location: 2F 2-2: Strikes out swinging
|
|
Batting: RHB Ruben Pujols
|
0-0: Ball 1-0: Swinging Strike 1-1: Swinging Strike 1-2: Foul Ball, location: 2F 1-2: Ball 2-2: Strikes out swinging
|
| Top of the 5th over - 0 runs, 0 hits, 0 errors, 0 left on base; Tri-City 0 - Vancouver 1 |
| BOTTOM OF THE 5TH |
|
Vancouver Canadians batting - Pitching for Tri-City ValleyCats : RHP Chris Miles
|
|
Batting: RHB Bryan Peterson
|
0-0: Ball 1-0: Called Strike 1-1: Ball 2-1: Foul Ball, location: 2F 2-2: Ball 3-2: Base on Balls
|
|
Batting: RHB Elliot Manfredini
|
0-0: Ball 1-0: 2-RUN HOME RUN (Line Drive, 89XD, EV 100.6 MPH), Distance : 408 ft
|
|
Batting: LHB Sumiki Okuhara
|
0-0: Ball 1-0: Foul Ball, location: 2F 1-1: Ball 2-1: Swinging Strike 2-2: Ball 3-2: Base on Balls
|
|
Batting: RHB Cesar Chavez
|
0-0: Ball Sumiki Okuhara steals 2nd base 1-0: Called Strike 1-1: Swinging Strike 1-2: Foul Ball, location: 2F 1-2: Ball 2-2: Foul Ball, location: 2F 2-2: Ball 3-2: Foul Ball, location: 2F 3-2: Foul Ball, location: 2F 3-2: 2-RUN HOME RUN (Flyball, 78XD, EV 107.5 MPH), Distance : 389 ft
|
|
Batting: RHB Carlos Ramirez
|
0-0: Foul Ball, location: 2F 0-1: Ball 1-1: Foul Ball, location: 2F 1-2: Ball 2-2: Ball 3-2: Base on Balls
|
|
Batting: RHB Dylan Phillips
|
0-0: Ball Carlos Ramirez is caught stealing 2nd base 2-4 1-0: Foul Ball, location: 2F 1-1: Hit by Pitch
|
|
Batting: LHB Adam Santarelli
|
0-0: Ball Dylan Phillips steals 2nd base (no throw) 1-0: Ball 2-0: Swinging Strike 2-1: SINGLE (Line Drive, 78M, EV 110.6 MPH) Dylan Phillips to third
|
|
Batting: RHB Carlos Renteria
|
0-0: Called Strike 0-1: Ball 1-1: Called Strike 1-2: Ball 2-2: SINGLE (Groundball, 6D, EV 107.5 MPH) Dylan Phillips scores Adam Santarelli to second
|
|
Batting: LHB Julio Canseco
|
0-0: Ball 1-0: Foul Ball, location: 2F 1-1: Ball 2-1: SINGLE (Groundball, 6M, EV 106.9 MPH) (infield hit) Adam Santarelli to third Carlos Renteria to second
|
|
Batting: RHB Bryan Peterson
|
0-0: Called Strike 0-1: Ball 1-1: Ball 2-1: DOUBLE (Line Drive, 5D, EV 99.4 MPH) Adam Santarelli scores Carlos Renteria scores Julio Canseco to third
|
|
Batting: RHB Elliot Manfredini
|
0-0: Ball 1-0: Ball 2-0: Ball 3-0: SINGLE (Groundball, 5S, EV 75.6 MPH) (infield hit) Julio Canseco scores Bryan Peterson to third
|
|
Pitching: RHP Dan Kurtz
|
|
|
Batting: LHB Sumiki Okuhara
|
0-0: Foul Ball, location: 2F 0-1: Ball 1-1: Ball 2-1: SINGLE (Groundball, 6, EV 95.0 MPH) Bryan Peterson scores Elliot Manfredini to second
|
|
Batting: RHB Cesar Chavez
|
Balk! Elliot Manfredini to third Sumiki Okuhara to second 0-0: Ball 1-0: Hit by Pitch
|
|
Batting: RHB Carlos Ramirez
|
0-0: Ball 1-0: Ball 2-0: Foul Ball, location: 2F 2-1: Ball 3-1: Swinging Strike 3-2: Base on Balls Elliot Manfredini scores Sumiki Okuhara to third Cesar Chavez to second
|
|
Batting: RHB Dylan Phillips
|
0-0: Ball 1-0: Foul Ball, location: 2F 1-1: Ball 2-1: Fly out, F7 (Flyball, 7S, EV 90.6 MPH) Runner from 3rd tags up, SCORES, throw by LF
|
|
Batting: LHB Adam Santarelli
|
0-0: Ball 1-0: Swinging Strike 1-1: Ball 2-1: Ball 3-1: Ground out U3 (Groundball, 34, EV 103.8 MPH)
|
| Bottom of the 5th over - 11 runs, 8 hits, 0 errors, 2 left on base; Tri-City 0 - Vancouver 12 |
| TOP OF THE 6TH |
|
Tri-City ValleyCats batting - Pitching for Vancouver Canadians : RHP Ari Lueger
|
|
Batting: RHB Rob Baker
|
0-0: Called Strike 0-1: Ball 1-1: Fly out, F9 (Flyball, 9S, EV 88.8 MPH)
|
|
Batting: RHB Ben Hoffman
|
0-0: Ball 1-0: Foul Ball, location: 2F 1-1: Ground out 4-3 (Groundball, 4, EV 86.9 MPH)
|
|
Batting: RHB Justin Olmstead
|
0-0: Ball 1-0: Called Strike 1-1: Called Strike 1-2: Ball 2-2: Strikes out swinging
|
| Top of the 6th over - 0 runs, 0 hits, 0 errors, 0 left on base; Tri-City 0 - Vancouver 12 |
| BOTTOM OF THE 6TH |
|
Vancouver Canadians batting - Pitching for Tri-City ValleyCats : RHP Dan Kurtz
|
|
Pitching: RHP San-pao Kao
|
|
|
Batting: RHB Carlos Renteria
|
0-0: Called Strike 0-1: Fly out, F6 (Popup, 6MD, EV 45.0 MPH)
|
|
Batting: LHB Julio Canseco
|
0-0: Ball 1-0: Foul Ball, location: 2F 1-1: Ball 2-1: Foul Ball, location: 2F 2-2: Foul Ball, location: 2F 2-2: SINGLE (Groundball, 4S, EV 100.0 MPH)
|
|
Batting: RHB Bryan Peterson
|
0-0: Ball 1-0: TRIPLE (Line Drive, 89XD, EV 107.5 MPH) Julio Canseco scores
|
|
Batting: RHB Elliot Manfredini
|
0-0: Ball Wild Pitch! Bryan Peterson scores 1-0: Called Strike 1-1: Ball 2-1: Ball 3-1: Called Strike 3-2: Base on Balls
|
|
Batting: LHB Sumiki Okuhara
|
0-0: Called Strike 0-1: Ball 1-1: Called Strike 1-2: Ball Wild Pitch! Elliot Manfredini to second 2-2: Ball Wild Pitch! Elliot Manfredini to third 3-2: Base on Balls
|
|
Pitching: RHP Chris Keziah
|
|
|
Batting: RHB Cesar Chavez
|
0-0: Ball Wild Pitch! Elliot Manfredini scores Sumiki Okuhara to second 1-0: Ball 2-0: Ball 3-0: Base on Balls
|
|
Batting: RHB Carlos Ramirez
|
0-0: Ball 1-0: Ball 2-0: Ball 3-0: Base on Balls Sumiki Okuhara to third Cesar Chavez to second
|
|
Batting: RHB Dylan Phillips
|
0-0: Foul Ball, location: 2F 0-1: Ball 1-1: SINGLE (Groundball, 25, EV 65.6 MPH) (infield hit) Sumiki Okuhara scores Cesar Chavez to third Carlos Ramirez to second
|
|
Batting: LHB Adam Santarelli
|
0-0: Ball 1-0: Ball 2-0: Ball 3-0: Base on Balls Cesar Chavez scores Carlos Ramirez to third Dylan Phillips to second
|
|
Batting: RHB Carlos Renteria
|
0-0: Foul Ball, location: 2F 0-1: Fly out, F9 (Flyball, 9LM, EV 86.2 MPH)
|
|
Batting: LHB Julio Canseco
|
0-0: Foul Ball, location: 2F 0-1: Ball 1-1: Fly out, F8 (Flyball, 8LXD, EV 93.1 MPH)
|
| Bottom of the 6th over - 5 runs, 3 hits, 0 errors, 3 left on base; Tri-City 0 - Vancouver 17 |
| TOP OF THE 7TH |
|
Tri-City ValleyCats batting - Pitching for Vancouver Canadians : RHP Ari Lueger
|
|
Now at 1B: Alex Vazquez
|
|
|
Now in LF: Sumiki Okuhara
|
|
|
Now in CF: Dan Hilyer
|
|
|
Batting: LHB Vinny Siebecker
|
0-0: Foul Ball, location: 2F 0-1: Called Strike 0-2: Ball 1-2: Ball 2-2: Strikes out swinging
|
|
Batting: SHB Salvador Gomez
|
0-0: Ball 1-0: Ball 2-0: Foul Ball, location: 2F 2-1: Called Strike 2-2: Ground out 4-3 (Groundball, 4, EV 86.9 MPH)
|
|
Batting: RHB Nate Britton
|
0-0: Called Strike 0-1: Called Strike 0-2: Strikes out looking
|
| Top of the 7th over - 0 runs, 0 hits, 0 errors, 0 left on base; Tri-City 0 - Vancouver 17 |
| BOTTOM OF THE 7TH |
|
Vancouver Canadians batting - Pitching for Tri-City ValleyCats : RHP Chris Keziah
|
|
Pitching: RHP Willie Jimenez
|
|
|
Batting: RHB Bryan Peterson
|
0-0: Ground out 1-3 (Groundball, 13S, EV 60.6 MPH)
|
|
Pinch Hitting: RHB Josh Swartzentruber
|
0-0: Ball 1-0: Ball 2-0: Ball 3-0: Base on Balls
|
|
Pinch Hitting: LHB Curt Maxwell
|
0-0: Fly out, F4 (Flyball, 34D, EV 86.9 MPH)
|
|
Batting: RHB Cesar Chavez
|
0-0: Ball 1-0: Swinging Strike 1-1: Foul Ball, location: 2F 1-2: Ball 2-2: Fielders Choice at 2nd, 6-4 (Groundball, 6D, EV 106.9 MPH)
|
| Bottom of the 7th over - 0 runs, 0 hits, 0 errors, 1 left on base; Tri-City 0 - Vancouver 17 |
| TOP OF THE 8TH |
|
Tri-City ValleyCats batting - Pitching for Vancouver Canadians : RHP Ari Lueger
|
|
Pitching: RHP Young-ghil Sohn
|
|
|
Now at 3B: Josh Swartzentruber
|
|
|
Now in LF: Dan Hilyer
|
|
|
Now in CF: Brian Manson
|
|
|
Batting: RHB Evan Fry
|
0-0: Hit by Pitch
|
|
Batting: RHB Mike Koch
|
0-0: Swinging Strike 0-1: Ball 1-1: Called Strike 1-2: Strikes out swinging
|
|
Batting: RHB Ruben Pujols
|
0-0: SINGLE (Line Drive, 56D, EV 101.2 MPH) Evan Fry to second
|
|
Batting: RHB Rob Baker
|
0-0: Ball 1-0: Ball 2-0: Called Strike 2-1: Fielders Choice at 2nd, 4-6 (Groundball, 4, EV 101.2 MPH) Evan Fry to third
|
|
Batting: RHB Ben Hoffman
|
0-0: Ball 1-0: Called Strike 1-1: Swinging Strike 1-2: Foul Ball, location: 2F 1-2: Strikes out swinging
|
| Top of the 8th over - 0 runs, 1 hit, 0 errors, 2 left on base; Tri-City 0 - Vancouver 17 |
| BOTTOM OF THE 8TH |
|
Vancouver Canadians batting - Pitching for Tri-City ValleyCats : RHP Willie Jimenez
|
|
Batting: RHB Dan Hilyer
|
0-0: Foul Ball, location: 2F 0-1: SINGLE (Groundball, 25, EV 65.6 MPH) (infield hit)
|
|
Batting: RHB Dylan Phillips
|
0-0: Ball 1-0: Called Strike 1-1: Ball 2-1: Ball 3-1: SINGLE (Groundball, 56S, EV 71.9 MPH) (infield hit) Dan Hilyer to second
|
|
Pitching: RHP Alexander Hagan
|
|
|
Batting: RHB Alex Vazquez
|
0-0: Reached on error, E5 (Groundball, 56S, EV 88.8 MPH) Dan Hilyer to third Dylan Phillips to second
|
|
Batting: RHB Carlos Renteria
|
0-0: Swinging Strike 0-1: Ball 1-1: Ball 2-1: Swinging Strike 2-2: Strikes out swinging
|
|
Batting: LHB Julio Canseco
|
0-0: Ball 1-0: Called Strike 1-1: SINGLE (Line Drive, 7S, EV 109.4 MPH) Dan Hilyer scores Dylan Phillips to third Alex Vazquez to second Runner from 3rd tries for Home, SAFE, throw by LF to home
|
|
Batting: RHB Bryan Peterson
|
0-0: Fly out, F4 (Popup, 34, EV 70.0 MPH)
|
|
Batting: RHB Josh Swartzentruber
|
0-0: Ball 1-0: Ball 2-0: Ball Balk! Alex Vazquez to third Julio Canseco to second 3-0: Foul Ball, location: 2F 3-1: Called Strike 3-2: Base on Balls
|
|
Batting: RHB Brian Manson
|
0-0: Ball 1-0: Ball 2-0: Ball 3-0: Base on Balls Alex Vazquez scores Julio Canseco to third Josh Swartzentruber to second
|
|
Pitching: RHP Oscar Andrade
|
|
|
Batting: RHB Cesar Chavez
|
0-0: Ball 1-0: Ball 2-0: Foul Ball, location: 2F 2-1: Called Strike 2-2: Ball 3-2: Base on Balls Julio Canseco scores Josh Swartzentruber to third Brian Manson to second
|
|
Batting: RHB Dan Hilyer
|
0-0: SINGLE (Flyball, 56D, EV 87.5 MPH) Josh Swartzentruber scores Brian Manson to third Cesar Chavez to second
|
|
Batting: RHB Dylan Phillips
|
0-0: Ball 1-0: Ball 2-0: Called Strike 2-1: Swinging Strike 2-2: Ball Passed Ball! Brian Manson scores Cesar Chavez to third Dan Hilyer to second 3-2: Base on Balls
|
|
Batting: RHB Alex Vazquez
|
0-0: Called Strike 0-1: Ball 1-1: Called Strike 1-2: Ball 2-2: Ball 3-2: Strikes out swinging
|
| Bottom of the 8th over - 6 runs, 4 hits, 1 error, 3 left on base; Tri-City 0 - Vancouver 23 |
| TOP OF THE 9TH |
|
Tri-City ValleyCats batting - Pitching for Vancouver Canadians : RHP Young-ghil Sohn
|
|
Batting: RHB Justin Olmstead
|
0-0: Swinging Strike 0-1: Foul Ball, location: 2F 0-2: Strikes out looking
|
|
Batting: LHB Vinny Siebecker
|
0-0: Ball 1-0: Called Strike 1-1: Foul Ball, location: 2F 1-2: Ball 2-2: Strikes out swinging
|
|
Batting: SHB Salvador Gomez
|
0-0: Ball 1-0: Ball 2-0: Ball 3-0: Called Strike 3-1: Foul Ball, location: 2F 3-2: Foul Ball, location: 2F 3-2: Ground out 5-3 (Groundball, 56, EV 78.8 MPH)
|
| Top of the 9th over - 0 runs, 0 hits, 0 errors, 0 left on base; Tri-City 0 - Vancouver 23 |
|